[Event "Early-Titled-Tuesday-Blitz-February-27-2024"]
[Site "Chess.com"]
[Date "2024.02.27"]
[Round "4"]
[White "jens1102"]
[Black "Der_Balak_3Halak"]
[Result "1-0"]
[WhiteElo "2685"]
[BlackElo "2447"]
[TimeControl "180+1"]
[EndTime "8:38:04 PST"]
[Termination "jens1102 won by resignation"]

1. e4 c5 2. Nf3 Nc6 3. d4 cxd4 4. Nxd4 Nf6 5. Nc3 d6 6. Be2 g6 7. O-O Nxd4 8. Qxd4 Bg7 9. Be3 Bd7 10. Rad1 Bc6 11.
f4 O-O 12. e5 dxe5 13. fxe5 Qxd4 14. Bxd4 Ne4 15. Nxe4 Bxe4 16. Bd3 Bc6 17. Bc4 e6 18. Bc5 Rfd8 19. Bd6 b5 20. Be2 a6 21. Bf3 Rac8 22. c3 Bf8 23. Kf2 Bxd6 24. Rxd6 Bxf3 25. Kxf3 Kf8 26.
Ke4 Ke7 27. Rfd1 Rc4+ 28. Ke3 Rxd6 29. Rxd6 Rc5 30. Kd4 Rc4+ 31. Ke3 Rc5 32. Rxa6 Rxe5+ 33. Kf3 g5 34. Ra7+ Kf6 35. a4 bxa4 36. Rxa4 h5 37. h3 g4+ 38. hxg4 hxg4+ 39. Rxg4 Ke7 40. Re4 Rf5+ 41.
Rf4 Rd5 42. Rd4 Rf5+ 43. Ke3 Rg5 44. g4 Rb5 45. b4 e5 46. Rc4 Ke6 47. Ke4 Rb6 48.
Rc5 f6 49. b5 Rd6 50. Rc8 Rd2 51. Rc6+ Kf7 52. b6 Re2+ 53. Kf3 Rb2 54. c4 Kg6 55.
c5 Kg5 56. Rc7 Rb3+ 57. Ke2 Kxg4 58. b7 f5 59. c6 f4 60. Rc8 f3+ 61. Kf2 Rb2+ 62.
Ke3 Re2+ 63. Kd3 e4+ 64. Kd4 Rd2+ 65. Kxe4 f2 66. Rf8 Re2+ 67. Kd3 Rb2 68. Rxf2 Rxf2 69. b8=Q 1-0

[Event "Early-Titled-Tuesday-Blitz-February-27-2024"]
[Site "Chess.com"]
[Date "2024.02.27"]
[Round "4"]
[White "AlexPapasimakopoulos"]
[Black "Savagelittlemole"]
[Result "1-0"]
[WhiteElo "2742"]
[BlackElo "2445"]
[TimeControl "180+1"]
[EndTime "8:38:04 PST"]
[Termination "AlexPapasimakopoulos won on time"]

1. e4 c5 2. b4 cxb4 3. a3 Nf6 4. e5 Nd5 5. Nf3 Nc6 6. Bc4 Nb6 7. Bb5 a6 8. Bxc6 dxc6 9. axb4 Bg4 10. O-O e6 11. c3 Qd3 12. h3 Bxf3 13. Qxf3 Qxf3 14. gxf3 c5 15. bxc5 Bxc5 16. Ba3 Rc8 17. Bxc5 Rxc5 18. f4 Kd7 19. Kg2 Rc4 20. Kg3 Nd5 21. d3 Rc7 22.
Ra3 Rhc8 23. c4 Nb4 24. Nc3 Ke7 25. Ne4 Rd8 26. Nd6 b6 27. Rb1 a5 28. Kf3 f6 29.
Ke4 Rf8 30. d4 g5 31. Rg3 fxe5 32. fxe5 Rf4+ 33. Ke3 h6 34. Rb2 Kd7 35. Rg4 Rxg4 36. hxg4 Kc6 37. f3 Rh7 38. Rh2 Na6 39. Ke4 Nc7 40.
f4 gxf4 41. g5 h5 42. g6 Rg7 43. Rg2 b5 44. cxb5+ Kb6 45. Kxf4 Nd5+ 46. Kg5 Ne3 47. Rg1 h4 48. Kf6 Rg8 49. Kf7 Rd8 50. g7 Nf5 51. Kxe6 Nh6 52. Nf7 1-0

[Event "Early-Titled-Tuesday-Blitz-February-27-2024"]
[Site "Chess.com"]
[Date "2024.02.27"]
[Round "4"]
[White "BozeKat"]
[Black "Mr_ruthless"]
[Result "1/2-1/2"]
[WhiteElo "2153"]
[BlackElo "2468"]
[TimeControl "180+1"]
[EndTime "8:38:04 PST"]
[Termination "Game drawn by repetition"]

1. c4 c5 2. g3 Nc6 3. Bg2 g6 4. Nc3 Bg7 5. Nf3 Nf6 6. O-O d5 7. d4 cxd4 8. Nxd4 Nxd4 9. Qxd4 dxc4 10. Qxc4 O-O 11. Rd1 Qa5 12. Qb5 Qxb5 13. Nxb5 Bd7 14. Nd4 e5 15. Nf3 Rfe8 16. Bg5 Bc6 17. Nd2 Bxg2 18. Kxg2 Rac8 19. Bxf6 Bxf6 20. Ne4 Be7 21. Rac1 f5 22. Rxc8 Rxc8 23. Rd7 Kf8 24. Nd6 Bxd6 25.
Rxd6 Ke7 26. Rd2 Ke6 27. h4 Rc1 28. f3 h6 29. Kf2 g5 30. hxg5 hxg5 31. e4 f4 32. g4 a5 33. Kg2 a4 34. a3 b5 35.
Kf2 Rc4 36. Kg2 Rc5 37. Kf2 Rc6 38. Ke2 Rd6 39. Rxd6+ Kxd6 40. Kd2 Kc6 41. Kc2 Kb6 42. Kd3 Kc6 43. Kc2 Kd6 44. Kd2 Kc7 45. Kc3 Kc6 46. Kc2 1/2-1/2

[Event "Early-Titled-Tuesday-Blitz-February-27-2024"]
[Site "Chess.com"]
[Date "2024.02.27"]
[Round "4"]
[White "OneTrickPony_82"]
[Black "Mops_2004"]
[Result "1/2-1/2"]
[WhiteElo "2554"]
[BlackElo "2828"]
[TimeControl "180+1"]
[EndTime "8:38:05 PST"]
[Termination "Game drawn by repetition"]

1. d4 g6 2. e4 Bg7 3. Nf3 d6 4. Be3 a6 5. c4 Nf6 6. Nc3 Ng4 7.
Bf4 Nc6 8. d5 Nce5 9. Nd2 O-O 10. Be2 e6 11. O-O exd5 12. cxd5 f5 13. h3 Nh6 14.
exf5 Bxf5 15. Nf3 Nxf3+ 16. Bxf3 Nf7 17. Qd2 Ne5 18. Be2 Qh4 19. Bg5 Qb4 20. Rac1 Rae8 21.
Rfe1 Nc4 22. Bxc4 Qxc4 23. Rxe8 Rxe8 24. Nd1 Qe2 25. g4 Bd3 26. Qxe2 Rxe2 27. Ne3 Bxb2 28. Rxc7 Be4 29. Rc8+ Kf7 30. Rc7+ Kf8 31. Rc8+ Kf7 32. Rc7+ Kg8 33. Rc8+ Kg7 34. Rc7+ Kh8 35. Rc8+ Kg7 36.
Rc7+ Kg8 1/2-1/2

[Event "Early-Titled-Tuesday-Blitz-February-27-2024"]
[Site "Chess.com"]
[Date "2024.02.27"]
[Round "4"]
[White "Alina_Gumerovna"]
[Black "Arlo2024"]
[Result "0-1"]
[WhiteElo "2086"]
[BlackElo "2296"]
[TimeControl "180+1"]
[EndTime "8:38:06 PST"]
[Termination "Arlo2024 won on time"]

1. e4 e6 2. d4 d5 3. exd5 exd5 4. Bd3 Nc6 5. c3 Bd6 6. Qf3 Nge7 7. Ne2 Be6 8. Bf4 Qd7 9. Bxd6 Qxd6 10. Nf4 O-O-O 11.
Nd2 Bf5 12. O-O-O Bxd3 13. Nxd3 f6 14. Rhe1 Ng6 15. g3 Rhe8 16. Nb3 b6 17. Na1 Na5 18.
Nc2 Nc4 19. Ncb4 c6 20. b3 Na3 21. Kb2 Nb5 22. a4 Nc7 23. h4 a5 24. Nc2 Kb7 25.
b4 axb4 26. Ndxb4 Rxe1 27. Rxe1 Ra8 28. Kb3 Ne7 29. Na3 c5 30. dxc5 bxc5 31. Nbc2 c4+ 32. Ka2 Rxa4 33. Rb1+ Ka8 34. Kb2 Nc6 35. Qe3 Ne5 36.
Kc1 Rxa3 37. Nxa3 Qxa3+ 38. Kc2 Qa7 0-1

[Event "Early-Titled-Tuesday-Blitz-February-27-2024"]
[Site "Chess.com"]
[Date "2024.02.27"]
[Round "4"]
[White "GHANDEEVAM2003"]
[Black "GMSrinath"]
[Result "1-0"]
[WhiteElo "3025"]
[BlackElo "2799"]
[TimeControl "180+1"]
[EndTime "8:38:07 PST"]
[Termination "GHANDEEVAM2003 won by resignation"]

1. a3 e5 2. e4 Nf6 3. Nc3 Nc6 4.
Nf3 d5 5. exd5 Nxd5 6. Bb5 Nxc3 7.
bxc3 Bd6 8. O-O O-O 9. d4 exd4 10. cxd4 Ne7 11. Re1 Bg4 12. h3 Bh5 13. Bd3 Bg6 14. c4 c6 15. Bb2 Bxd3 16. Qxd3 Ng6 17. g3 Qd7 18. Kg2 b5 19. cxb5 cxb5 20. d5 Rfe8 21. Qc3 f6 22. Nd4 Be5 23. Qb3 Red8 24. Nc6 Qxd5+ 25.
Qxd5+ Rxd5 26. Bxe5 fxe5 27. h4 h5 28. Rac1 a6 29.
Nb4 Rd6 30. Rc7 Rf8 31. Re2 Rff6 32. Ra7 Rf7 33. Ra8+ Rf8 34. Rxa6 Rxa6 35. Nxa6 Ra8 36. Nc7 Rxa3 37. Nxb5 Rd3 38. Rc2 Kf7 39. Rc7+ Kf6 40. Nc3 Rd4 41. Nb5 Rd5 42. Rc6+ Kf7 43. Nd6+ Ke6 44.
Nc8+ Kd7 45. Rxg6 Kxc8 46. Rxg7 e4 47. Re7 1-0

[Event "Early-Titled-Tuesday-Blitz-February-27-2024"]
[Site "Chess.com"]
[Date "2024.02.27"]
[Round "4"]
[White "PLAYER_2006_M"]
[Black "krzyzan94"]
[Result "1-0"]
[WhiteElo "3013"]
[BlackElo "2793"]
[TimeControl "180+1"]
[EndTime "8:38:07 PST"]
[Termination "PLAYER_2006_M won by resignation"]

1. e4 c5 2. Nf3 d6 3. d4 cxd4 4. Nxd4 Nf6 5. Nc3 a6 6. a3 g6 7.
f3 Bg7 8. Be3 O-O 9. Qd2 Nc6 10.
O-O-O Nxd4 11. Bxd4 b5 12. h4 Rb8 13. h5 b4 14. axb4 Rxb4 15. hxg6 fxg6 16. Nd5 Ra4 17.
b3 Rxd4 18. Qxd4 Nxd5 19. Qxd5+ e6 20. Qd2 Qf6 21. c3 Bb7 22. Kb2 Rc8 23. Rc1 d5 24. Bd3 a5 25. Rhe1 dxe4 26. Bxe4 Rd8 27. Qe2 Bc8 28.
Bc6 h5 29. Rc2 Rd6 30. Ba4 Ba6 31. Qe3 Bd3 32. Rd1 Qf5 33. g4 hxg4 34. fxg4 Qd5 35. Rcd2 Bxc3+ 36. Kxc3 Rc6+ 37. Bxc6 Qxc6+ 38. Kxd3 Qb5+ 39.
Kc2 Qc6+ 40. Qc3 Qe4+ 41. Kb2 1-0

[Event "Early-Titled-Tuesday-Blitz-February-27-2024"]
[Site "Chess.com"]
[Date "2024.02.27"]
[Round "4"]
[White "Rodalquilar"]
[Black "WilsonPalencia21"]
[Result "1-0"]
[WhiteElo "2788"]
[BlackElo "2558"]
[TimeControl "180+1"]
[EndTime "8:38:07 PST"]
[Termination "Rodalquilar won on time"]

1. d4 Nf6 2. Nf3 c5 3. c3 d5 4. Bf4 Nc6 5. e3 Qb6 6. Qc2 Bg4 7. dxc5 Qxc5 8. Nbd2 Rc8 9. h3 Bh5 10. Qb3 Na5 11.
Qb5+ Qxb5 12. Bxb5+ Nc6 13. Ne5 Nd7 14. Nxc6 bxc6 15.
Ba6 Rd8 16. Bc7 Nc5 17. Bxd8 Nxa6 18. Ba5 e5 19. Nb3 Bd6 20. O-O Ke7 21. f4 f6 22.
Rae1 e4 23. Nd4 Kd7 24. c4 Nc5 25. cxd5 cxd5 26. Rc1 Rb8 27. Rc2 Be8 28. Nf5 Bf8 29. Rfc1 g6 30. Nd4 Nd3 31. Rc7+ Kd6 32. Rxa7 Nxc1 33.
Bc7+ Kc5 34. Bxb8 Kb6 35. Rc7 Bc5 36. Nc2 Nd3 37. Rxh7 Ba4 38. b3 Bb5 39. Ba7+ Kc6 40. Bxc5 Kxc5 41. a4 1-0

[Event "Early-Titled-Tuesday-Blitz-February-27-2024"]
[Site "Chess.com"]
[Date "2024.02.27"]
[Round "4"]
[White "Juicy_Fork"]
[Black "romulocardoso"]
[Result "1/2-1/2"]
[WhiteElo "2516"]
[BlackElo "2331"]
[TimeControl "180+1"]
[EndTime "8:38:08 PST"]
[Termination "Game drawn by repetition"]

1. e4 c5 2. Nf3 g6 3. d4 cxd4 4. Nxd4 Nc6 5. Nc3 Bg7 6. Be3 Nf6 7. Bc4 O-O 8. Bb3 Ng4 9. Qxg4 Nxd4 10. Qd1 e5 11.
O-O d6 12. Nd5 Be6 13. c3 Nxb3 14. axb3 f5 15. Bxa7 fxe4 16. Qd2 Qh4 17. Nc7 Bh3 18. gxh3 Bh6 19. Qd5+ Kh8 20. Nxa8 Qxh3 21. Qxd6 Qg4+ 22. Kh1 Qf3+ 23. Kg1 Rf5 24. Qd8+ Kg7 25. Qe7+ Kg8 26.
Qd8+ Kg7 27. Qe7+ Kg8 28. Be3 Qg4+ 29. Kh1 Qf3+ 30. Kg1 Qg4+ 31. Kh1 Qf3+ 32. Kg1 1/2-1/2

[Event "Early-Titled-Tuesday-Blitz-February-27-2024"]
[Site "Chess.com"]
[Date "2024.02.27"]
[Round "4"]
[White "Kobalia"]
[Black "MusicCityMaster"]
[Result "1-0"]
[WhiteElo "2812"]
[BlackElo "2564"]
[TimeControl "180+1"]
[EndTime "8:38:09 PST"]
[Termination "Kobalia won on time"]

1. e4 e6 2. d3 d5 3. Nd2 Nf6 4. Ngf3 Nc6 5. c3 e5 6. Be2 Be7 7. O-O O-O 8. b4 a6 9. Bb2 Re8 10. Re1 Bf8 11. Bf1 h6 12. a4 Bg4 13. h3 Bxf3 14.
Nxf3 dxe4 15. dxe4 Qe7 16. Bc4 Rad8 17. Qb3 g6 18. Bc1 Bg7 19. a5 Nh5 20. b5 axb5 21. Qxb5 Ra8 22. Bd5 Nxa5 23. Rxa5 c6 24. Qa4 Rxa5 25.
Bxf7+ Qxf7 26. Qxa5 Nf4 27. Bxf4 exf4 28. e5 g5 29. Qb4 Kh8 30. Qd6 Re6 31. Qc5 Qe7 32.
Qa5 b5 33. Qb6 Kh7 34. Qd4 c5 35. Qe4+ Kh8 36. Ra1 Qd7 37. Qf5 Qe8 38. Ra7 b4 39. cxb4 cxb4 40. Qe4 b3 41. Ra8 b2 42. Rxe8+ Rxe8 43.
Qb7 Bxe5 44. Nxe5 Rxe5 45. Qxb2 1-0

[Event "Early-Titled-Tuesday-Blitz-February-27-2024"]
[Site "Chess.com"]
[Date "2024.02.27"]
[Round "4"]
[White "Sanan_Sjugirov"]
[Black "PavelShkapenko"]
[Result "1-0"]
[WhiteElo "2980"]
[BlackElo "2762"]
[TimeControl "180+1"]
[EndTime "8:38:10 PST"]
[Termination "Sanan_Sjugirov won by checkmate"]

1. e4 e5 2. Nf3 Nc6 3. Bb5 Bc5 4. O-O d6 5. d4 exd4 6. Bxc6+ bxc6 7. Nxd4 Ne7 8. Bg5 f6 9. Bh4 O-O 10. Nc3 Kh8 11. Re1 Bxd4 12. Qxd4 Ng6 13. Bg3 f5 14. exf5 Bxf5 15. Re2 Qd7 16. Rae1 Rae8 17. Qxa7 Bxc2 18.
Qd4 Rxe2 19. Rxe2 Re8 20. Qd2 Bf5 21. a4 h5 22. h4 Kh7 23. Qg5 Rxe2 24. Qxh5+ Kg8 25.
Qxe2 c5 26. a5 Qc6 27. a6 Kf7 28. h5 Ne7 29. Bh4 Nc8 30. h6 gxh6 31. Qh5+ Bg6 32. Qxh6 Qxa6 33. Qh8 Bd3 34. Qf6+ Kg8 35. Nd5 Qa2 36.
Qe6+ Kf8 37. Qxc8+ Kf7 38. Qxc7+ Ke6 39. Qe7+ Kf5 40.
Qf6+ Ke4 41. Nc3# 1-0

[Event "Early-Titled-Tuesday-Blitz-February-27-2024"]
[Site "Chess.com"]
[Date "2024.02.27"]
[Round "4"]
[White "Practical-Play"]
[Black "maciek_92"]
[Result "0-1"]
[WhiteElo "2579"]
[BlackElo "2840"]
[TimeControl "180+1"]
[EndTime "8:38:10 PST"]
[Termination "maciek_92 won by checkmate"]

1. e4 c5 2. c3 Nf6 3. e5 Nd5 4. d4 cxd4 5. Nf3 Nc6 6. Bc4 e6 7. cxd4 d6 8. Qe2 Be7 9. O-O O-O 10. Rd1 Na5 11. Bd3 Nb4 12. exd6 Qxd6 13. Be4 Bd7 14. Ne5 Be8 15. Bf4 Nd5 16. Bg3 Qd8 17. Nc3 Nxc3 18. bxc3 Rc8 19. d5 exd5 20. Rxd5 Qb6 21. Rb1 Qh6 22.
Rxa5 Rxc3 23. Ng4 Rc1+ 24. Rxc1 Qxc1+ 25. Qf1 Qc3 26. Rh5 f5 27. Bxf5 Bxh5 28. Be5 Qc6 29.
Ne3 Bc5 30. Qc4+ Bf7 31. Qg4 Bg6 32. Be6+ Kh8 33. Nd5 Bxf2+ 34. Kf1 Qc1+ 35. Ke2 Qc2+ 36. Kf1 Bd3+ 37. Qe2 Qd1# 0-1

[Event "Early-Titled-Tuesday-Blitz-February-27-2024"]
[Site "Chess.com"]
[Date "2024.02.27"]
[Round "4"]
[White "FoxOnTheRun97"]
[Black "janhelmer03"]
[Result "0-1"]
[WhiteElo "2649"]
[BlackElo "2353"]
[TimeControl "180+1"]
[EndTime "8:38:10 PST"]
[Termination "janhelmer03 won by checkmate"]

1. d4 d5 2. Bf4 c5 3. e3 Nc6 4. c3 Nf6 5. Nf3 cxd4 6. exd4 e6 7. Bd3 Bd6 8. Ne5 Qc7 9. Qe2 Nd7 10.
Nxd7 Bxd7 11. Bxd6 Qxd6 12. Nd2 O-O 13. Nf3 f6 14. O-O e5 15. dxe5 fxe5 16. Rad1 Bg4 17.
Bxh7+ Kh8 18. Be4 Ne7 19. h3 Bh5 20. g4 Qf6 21. gxh5 dxe4 22. Nh2 Qf4 23. Qg4 Rf5 24. Qxf4 exf4 25. Rfe1 Rxh5 26. Rxe4 Ng6 27. Rd6 Kh7 28. Ng4 Rxh3 29. Rd7 Rh4 30. f3 Rh3 31. Kf2 Nh4 32. Rxf4 Re8 33. Rff7 Kh8 34. Rxg7 Rxf3+ 35. Kg1 Re1+ 36.
Kh2 Re2+ 37. Kh1 Rf1# 0-1

[Event "Early-Titled-Tuesday-Blitz-February-27-2024"]
[Site "Chess.com"]
[Date "2024.02.27"]
[Round "4"]
[White "azikom"]
[Black "giomar27"]
[Result "1-0"]
[WhiteElo "2621"]
[BlackElo "2424"]
[TimeControl "180+1"]
[EndTime "8:38:10 PST"]
[Termination "azikom won by resignation"]

1. c4 c5 2. Nc3 g6 3. g3 Bg7 4.
Bg2 Nc6 5. h4 h6 6. d3 d6 7. Nf3 e5 8. Nd2 Nge7 9. Nf1 Be6 10. Ne3 O-O 11. Ned5 f5 12. Bd2 a6 13. a3 Rb8 14. b4 b5 15. bxc5 dxc5 16. O-O Kh7 17. Rb1 b4 18. axb4 cxb4 19. Nxe7 Nxe7 20. Na4 a5 21. Nc5 Bf7 22. Qa4 e4 23. Bf4 Rc8 24. Nb7 Qb6 25. Nd6 Rc5 26. Nxf7 Rxf7 27. Be3 exd3 28. exd3 f4 29. Bxc5 Qxc5 30. Qb5 Bd4 31. Qxc5 Bxc5 32. Kh2 Nf5 33. Be4 Bxf2 34. g4 Bg3+ 35.
Kh3 Nxh4 36. Ra1 Ra7 37. Rfb1 Kg7 38. Rxb4 Kf6 39. Rba4 Ra6 40. Rxa5 Rb6 41. Rb5 Rd6 42.
c5 Rd4 43. c6 1-0

[Event "Early-Titled-Tuesday-Blitz-February-27-2024"]
[Site "Chess.com"]
[Date "2024.02.27"]
[Round "4"]
[White "Zheenbekov86"]
[Black "rhungaski"]
[Result "0-1"]
[WhiteElo "2419"]
[BlackElo "2601"]
[TimeControl "180+1"]
[EndTime "8:38:10 PST"]
[Termination "rhungaski won on time"]

1. Nf3 Nf6 2. g3 g6 3. Bg2 Bg7 4. O-O O-O 5. d3 d6 6. e4 c5 7.
Re1 Nc6 8. c3 Bg4 9. h3 Bxf3 10.
Qxf3 Nd7 11. Qd1 Rb8 12. a4 a6 13. Nd2 b5 14. axb5 axb5 15. Nf1 b4 16. Bd2 Nde5 17. Be3 c4 18. dxc4 Nxc4 19. cxb4 Nxb2 20. Qe2 Nxb4 21.
Reb1 N4d3 22. Ra7 Nc5 23. h4 Nba4 24. Rxb8 Qxb8 25. Rxe7 Nc3 26. Qc4 Qb1 27. Ra7 Nd3 28. Kh2 Ne2 29. e5 Bxe5 30. Bd5 Qxf1 31. Bxf7+ Kh8 0-1

[Event "Early-Titled-Tuesday-Blitz-February-27-2024"]
[Site "Chess.com"]
[Date "2024.02.27"]
[Round "4"]
[White "betta2004"]
[Black "Rosh1610"]
[Result "1/2-1/2"]
[WhiteElo "2578"]
[BlackElo "2420"]
[TimeControl "180+1"]
[EndTime "8:38:10 PST"]
[Termination "Game drawn by repetition"]

1. d4 Nf6 2. f3 d5 3. e4 dxe4 4.
Nc3 Bf5 5. g4 Bg6 6. g5 Nd5 7.
Nxe4 e6 8. c4 Bb4+ 9. Kf2 Ne7 10. a3 Bxe4 11. fxe4 Bd6 12. c5 Bxc5 13. Qa4+ Nd7 14.
dxc5 O-O 15. Bf4 Nxc5 16. Qc2 Qd4+ 17. Be3 Nxe4+ 18. Kf3 Nxg5+ 19. Bxg5 Qd5+ 20. Qe4 Qxg5 21. Bd3 Ng6 22. Kf2 Qf6+ 23. Nf3 Qxb2+ 24. Kg3 b6 25. h4 h5 26. Raf1 Rad8 27. Bb1 Qxa3 28. Rhg1 Qd6+ 29.
Kg2 f5 30. Qc4 Ne5 31. Nxe5 Qxe5 32. Re1 Rd2+ 33. Kf3 Qd5+ 34. Qxd5 exd5 35. Re7 Rf7 36. Re8+ Kh7 37. Rg5 g6 38. Re6 Rd1 39. Bc2 Rd2 40. Bb1 c5 41. Rexg6 Rb2 42. Bd3 Rb3 43. Ke2 c4 44.
Bc2 Rb2 45. Kd1 d4 46. Bxf5 Rxf5 47. Rg7+ Kh8 48. Rg8+ Kh7 49. R5g7+ Kh6 50. Rg6+ Kh7 51. R8g7+ Kh8 52. Rg8+ Kh7 53. R8g7+ Kh8 54. Rg8+ Kh7 1/2-1/2

[Event "Early-Titled-Tuesday-Blitz-February-27-2024"]
[Site "Chess.com"]
[Date "2024.02.27"]
[Round "4"]
[White "hurricane7791"]
[Black "EsmeraldasAnderson03"]
[Result "1-0"]
[WhiteElo "2724"]
[BlackElo "2494"]
[TimeControl "180+1"]
[EndTime "8:38:11 PST"]
[Termination "hurricane7791 won by resignation"]

1. d4 d5 2. c4 dxc4 3. Nf3 Nf6 4. e3 a6 5. Bxc4 e6 6. O-O c5 7. Qe2 b5 8. Bd3 c4 9. Bc2 Bb7 10. Rd1 Be7 11. e4 O-O 12. Nbd2 Nc6 13. Nf1 Nb4 14. Bb1 Nd3 15. Ng3 Nxc1 16. Rxc1 Qb6 17. Rd1 Rad8 18. Bc2 Rfe8 19. h4 Nd7 20. h5 Bd6 21. e5 Bf8 22. Ng5 f5 23. exf6 Nxf6 24. N3e4 Nxe4 25. Bxe4 h6 26.
Bxb7 Qxb7 27. Nf3 Rd5 28. Qe4 Qf7 29. g4 Bd6 30. Re1 Bf4 31. a4 b4 32. Kg2 c3 33.
bxc3 bxc3 34. Re2 Rc8 35. Rb1 Kh8 36. Rb6 a5 37. Rxe6 c2 38. Rxc2 Rdd8 39. Rxc8 Rxc8 40. Nh4 Bg5 41. Ng6+ Kg8 42. Re5 Bf6 43. Rxa5 Re8 44. Ra8 Qf8 45. Rxe8 1-0

[Event "Early-Titled-Tuesday-Blitz-February-27-2024"]
[Site "Chess.com"]
[Date "2024.02.27"]
[Round "4"]
[White "Skatchkov_V"]
[Black "FredddieCroderg"]
[Result "1-0"]
[WhiteElo "2656"]
[BlackElo "2301"]
[TimeControl "180+1"]
[EndTime "8:38:11 PST"]
[Termination "Skatchkov_V won by checkmate"]

1. d4 d5 2. c4 e6 3. Nf3 Nf6 4. g3 dxc4 5. Bg2 a6 6. Ne5 Bb4+ 7. Nc3 Nd5 8. O-O O-O 9. Qc2 Nb6 10. Rd1 N8d7 11.
Bf4 g5 12. Be3 Nxe5 13. dxe5 Qe7 14. Ne4 f5 15. exf6 Qe8 16. Nxg5 Qh5 17. Bf3 Qg6 18. Be4 Qh5 19. f7+ Rxf7 20. Nxf7 Qxf7 21. Rd8+ Kg7 22. Bxb6 cxb6 23. Bxh7 Bc5 24. e3 Kh6 25. Be4 Qg7 26. Rad1 b5 27. Qc3 Qxc3 28. bxc3 a5 29. Rg8 b4 30. Rg6+ Kh7 31. Rg5+ Kh8 32. Rd8+ Bf8 33. Rxf8# 1-0

[Event "Early-Titled-Tuesday-Blitz-February-27-2024"]
[Site "Chess.com"]
[Date "2024.02.27"]
[Round "4"]
[White "Mesa_1"]
[Black "salomez"]
[Result "0-1"]
[WhiteElo "2504"]
[BlackElo "2332"]
[TimeControl "180+1"]
[EndTime "8:38:11 PST"]
[Termination "salomez won by resignation"]

1. e4 c5 2. Nf3 e6 3. d4 cxd4 4. Nxd4 Nf6 5. Nc3 Nc6 6. Ndb5 d6 7. Bf4 e5 8. Bg5 a6 9. Na3 b5 10. Nd5 Be7 11. Bxf6 Bxf6 12. Nb1 O-O 13. a4 Rb8 14.
axb5 axb5 15. Bd3 Be6 16. O-O Bxd5 17. exd5 Ne7 18. Nc3 b4 19. Ne4 Nxd5 20. Bc4 Nb6 21. Nxd6 Be7 22. Bxf7+ Kh8 23. Nc4 Rxf7 24. Nxe5 Rf6 25.
Ra7 Qxd1 26. Rxd1 Bc5 27. Ng4 Rd6 28. Re1 Nd7 29. Rc7 h5 30. Ne3 Re8 31. h4 Rd2 32.
Kf1 Rf8 33. Rxd7 Rxd7 0-1

[Event "Early-Titled-Tuesday-Blitz-February-27-2024"]
[Site "Chess.com"]
[Date "2024.02.27"]
[Round "4"]
[White "GMAkobianSTL"]
[Black "MITerryble"]
[Result "1-0"]
[WhiteElo "2819"]
[BlackElo "3019"]
[TimeControl "180+1"]
[EndTime "8:38:12 PST"]
[Termination "GMAkobianSTL won by resignation"]

1. d4 d5 2. c4 dxc4 3. e3 Nf6 4. Bxc4 e6 5. Nf3 a6 6. O-O c5 7. b3 b5 8. Be2 Bb7 9. Bb2 Nbd7 10. Nbd2 Be7 11.
a4 bxa4 12. Rxa4 O-O 13. Qa1 cxd4 14. Bxd4 Nc5 15. Bxc5 Bxc5 16. Bxa6 Bc6 17. Ra2 Nd5 18. Bc4 Rxa2 19. Qxa2 Nb4 20. Qb1 h6 21. Rc1 Be7 22.
h3 Qa8 23. Bf1 Rd8 24. Nd4 Bb7 25. Nc4 Bf6 26. Rd1 Be4 27. Qc1 Qa2 28. Rd2 Qa8 29.
Qd1 Nd5 30. Ne2 Rb8 31. Ng3 Bg6 32. Bd3 Nc3 33. Qc2 Bxd3 34. Rxd3 Nd5 35. Rd1 Qb7 36. Nd2 Nc3 37. Rf1 Rc8 38. Nc4 Qc6 39. Ne2 Nd5 40. Rd1 Rb8 41. e4 Nb4 42. Qb1 Be7 43.
Nd4 Qa8 44. Nf3 Nc6 45. Nfe5 Nb4 46. Rd7 Re8 47. Qd1 Qc8 48. Qh5 g6 49. Qf3 f6 50.
Qg4 fxe5 51. Qxg6+ Kh8 52. Qxh6+ Kg8 53. Nxe5 Qc1+ 54.
Qxc1 1-0

[Event "Early-Titled-Tuesday-Blitz-February-27-2024"]
[Site "Chess.com"]
[Date "2024.02.27"]
[Round "4"]
[White "IMRosen"]
[Black "Misterfox120"]
[Result "1-0"]
[WhiteElo "2704"]
[BlackElo "2443"]
[TimeControl "180+1"]
[EndTime "8:38:12 PST"]
[Termination "IMRosen won by resignation"]

1. d4 d5 2. Bf4 c5 3. Nc3 Nc6 4.
e4 cxd4 5. exd5 dxc3 6. dxc6 Qxd1+ 7. Rxd1 bxc6 8. Bc7 Bf5 9. Ba6 Bxc2 10. Bb7 f6 11.
bxc3 Bxd1 12. Bxc6+ Kf7 13. Bxa8 Bg4 14. Bb8 e6 15. Bxa7 Bd6 16. Be4 Ne7 17. Ne2 Bf5 18. Bf3 Nd5 19. c4 Bb4+ 20. Kf1 Nc3 21. Nxc3 Bxc3 22. Ke2 Rc8 23. c5 Bb4 24. Rc1 Ba3 25.
Rc3 Bb4 26. Rc4 Ba3 27. Bb7 Rc7 28. c6 e5 29. Bb8 Be6 30. Ra4 Bd6 31. Bxc7 Bxc7 32.
Bc8 Bxc8 33. Ra7 Ke6 34. Rxc7 Ba6+ 35. Ke3 g6 36. Rxh7 Kd6 37. c7 g5 38. g4 Bb7 39. f3 Ke6 40. a4 Kd6 41. a5 Ba6 42.
Rf7 Ke6 43. Rg7 Kd6 44. Kd2 Ke6 45. Kc3 Kd6 46. Kb4 Bb7 47. Kb5 1-0

[Event "Early-Titled-Tuesday-Blitz-February-27-2024"]
[Site "Chess.com"]
[Date "2024.02.27"]
[Round "4"]
[White "Hikaru"]
[Black "scarabee43"]
[Result "1-0"]
[WhiteElo "3245"]
[BlackElo "2881"]
[TimeControl "180+1"]
[EndTime "8:38:13 PST"]
[Termination "Hikaru won by resignation"]

1. h3 d5 2. d4 Nf6 3. Bf4 Bf5 4. e3 e6 5. c4 c6 6. Nc3 Nbd7 7. Qb3 Qc8 8. Rc1 Be7 9. cxd5 exd5 10. g4 Be6 11. Bd3 O-O 12. Qc2 h6 13. Nf3 Re8 14. Rg1 Nf8 15.
g5 hxg5 16. Nxg5 Nh5 17. Ne2 Nxf4 18. Nxf4 Bxg5 19. Rxg5 Qd8 20. h4 Bd7 21. Kd2 Qf6 22. Rcg1 Ne6 23. Nxe6 Qxf2+ 24. Kc3 Qxc2+ 25. Kxc2 Bxe6 26. Rxg7+ Kf8 27. h5 Ke7 28. h6 Rh8 29. h7 Kd6 30. Rg8 f5 31. Rxa8 Rxa8 32. Rg7 b6 33.
Kd2 a5 34. Ke2 c5 35. a4 Rh8 36. Kf3 Rf8 37. Kf4 c4 38. Bc2 Rh8 39. Kg5 Rf8 40. Rg6 Ke7 41. Rh6 Rh8 42. Bxf5 Bf7 43. Rxb6 Kf8 44.
Kh6 Be8 45. Rb8 Kf7 46. Bg6+ 1-0

[Event "Early-Titled-Tuesday-Blitz-February-27-2024"]
[Site "Chess.com"]
[Date "2024.02.27"]
[Round "4"]
[White "Chessdude1987"]
[Black "chess_blitz00"]
[Result "1-0"]
[WhiteElo "2355"]
[BlackElo "2509"]
[TimeControl "180+1"]
[EndTime "8:38:14 PST"]
[Termination "Chessdude1987 won by checkmate"]

1. e4 d6 2. d4 g6 3. Nc3 Bg7 4. Nf3 a6 5. a4 Nd7 6. Be3 c5 7. dxc5 Nxc5 8. Bxc5 dxc5 9. Qxd8+ Kxd8 10. O-O-O+ Kc7 11. Nd5+ Kc6 12. a5 Be6 13. Bc4 Re8 14. Kb1 Nf6 15. Ng5 Bxd5 16. exd5+ Kc7 17. Nxf7 Rhf8 18. Ng5 Kd6 19. Rhe1 Bh6 20. Ne6 Rf7 21. h3 Nd7 22. Re2 Bg7 23. f4 Bd4 24. c3 Bf6 25. g4 h6 26. Kc2 Bh4 27. Bd3 Rg8 28. Be4 Nf6 29. Bg2 Nd7 30. b4 cxb4 31. cxb4 Nf8 32. Kb3 Nd7 33.
Rc1 Nf6 34. Nc5 Rc8 35. Re6+ Kc7 36. Nxa6+ Kd8 37. Nc5 Nd7 38. Nxb7+ Ke8 39. Rxc8# 1-0

[Event "Early-Titled-Tuesday-Blitz-February-27-2024"]
[Site "Chess.com"]
[Date "2024.02.27"]
[Round "4"]
[White "GoValya"]
[Black "amelia91"]
[Result "1-0"]
[WhiteElo "2274"]
[BlackElo "1979"]
[TimeControl "180+1"]
[EndTime "8:38:14 PST"]
[Termination "GoValya won on time"]

1. d4 Nf6 2. Nf3 e6 3. g3 d5 4. Bg2 c5 5. O-O Nc6 6. c4 cxd4 7. Nxd4 Bc5 8. Nxc6 bxc6 9. cxd5 cxd5 10. Qc2 Bb6 11. a4 O-O 12. Nc3 Ba6 13. Rd1 Rc8 14. Qd2 Qc7 15.
h3 Rfd8 16. Qe1 Ba5 17. Bd2 Bc4 18. Nb5 Bxd2 19. Qxd2 Qb6 20. Nd4 e5 21. Nf5 Rb8 22. Qg5 g6 23. a5 Qe6 24. Nh6+ Kh8 25. Rd2 Rd6 26. Rad1 Ng8 27. Ng4 f6 28. Qe3 f5 29.
Nxe5 Bb3 30. Qd4 Nf6 31. Rc1 Ra6 32. f4 Rxa5 33. Rc7 Ra4 34. Qc3 Qb6+ 35. Kh2 d4 36. Qc1 1-0